General information
- name: blue20
- type: Custom game
- host: quin)sour_blue
- saver: quin)sour_blue
map: TerenasStand
- players: 2
- length: 18:54
- speed: Fast
- version: 1.24 W3XP
- replay type: Public
» download(55 KB)
Players
team 1 (winner)
quin)sour_blue (
pink | 98 APM | 1853 actions | 18:54)
4 Demon Hunter
2 Mana Burn
2 Evasion
2 Firelord
1 Summon Lava Spawn
1 Incinerate
» actions
| Assign group hotkey | 33 | |
| Basic commands | 109 | |
| Build / train | 51 | |
| Enter build submenu | 10 | |
| Enter hero's abilities submenu | 7 | |
| Right click | 693 | |
| Select / deselect | 317 | |
| Select group hotkey | 596 | |
| Use ability | 37 | |
1853 total
» units
| Wisp | 9 | |
| Huntress | 17 | |
| Archer | 8 | |
| Druid of the Claw | 2 | |
36 total
» upgrades
| Improved Bows | 1 | |
| Strength of the Moon | 1 | |
| Marksmanship | 1 | |
| Druid of the Claw Training | 2 | |
5 total
» buildings
| Altar of Elders | 1 | |
| Moon Well | 4 | |
| Hunter's Hall | 1 | |
| Ancient of War | 2 | |
| Tree of Ages | 1 | |
| Tree of Eternity | 1 | |
| Ancient of Lore | 2 | |
12 total
» build order
00:02 Altar of Elders
00:17 Moon Well
01:15 Hunter's Hall
01:36 Ancient of War
01:58 Moon Well
02:17 Ancient of War
02:35 Moon Well
06:07 Moon Well
06:48 Tree of Ages
13:26 Tree of Eternity
16:45 Ancient of Lore
16:46 Ancient of Lore
team 2 (loser)

»
I_Backstab (
green | 48 APM | 913 actions | 18:50)
2 Lich
1 Frost Nova
1 Dark Ritual
» actions
| Assign group hotkey | 40 | |
| Basic commands | 19 | |
| Build / train | 25 | |
| Enter build submenu | 17 | |
| Enter hero's abilities submenu | 2 | |
| Right click | 431 | |
| Select / deselect | 261 | |
| Select group hotkey | 78 | |
| Use ability | 40 | |
913 total
» units
| Acolyte | 4 | |
| Ghoul | 3 | |
| Gargoyle | 5 | |
| Crypt Fiend | 4 | |
16 total
» upgrades
| Creature Carapace | 1 | |
| Creature Attack | 1 | |
2 total
» buildings
| Necropolis | 3 | |
| Altar of Darkness | 1 | |
| Ziggurat | 4 | |
| Crypt | 2 | |
| Halls of the Dead | 2 | |
| Nerubian Tower | 1 | |
| Graveyard | 1 | |
| Tomb of Relics | 1 | |
| Spirit Tower | 1 | |
16 total
» build order
00:11 Necropolis
00:23 Altar of Darkness
01:12 Necropolis
01:37 Necropolis
01:49 Ziggurat
02:03 Crypt
02:24 Crypt
03:50 Halls of the Dead
04:17 Halls of the Dead
04:45 Nerubian Tower
05:27 Graveyard
06:08 Ziggurat
06:14 Ziggurat
06:17 Ziggurat
07:10 Tomb of Relics
07:18 Spirit Tower
Chat log
(03:27 / All) I_Backstab: damn i need a lot more practice at this build i realyl screwed up hard lol
(08:55 / All) I_Backstab: yeah i my build order was way off lol
(09:13 / All) I_Backstab: early gargs was so late lol
(09:15 / All) quin)sour_blue: lol
(12:17 / All) I_Backstab: hah
(14:14 / All) I_Backstab: ive found this plan doesn't really work that great against elf
(14:21 / All) quin)sour_blue: no?
(14:31 / All) I_Backstab: well
(14:50 / All) I_Backstab: i just need more practice at it i think lol
(14:56 / All) quin)sour_blue: yeah
(15:05 / All) quin)sour_blue: garbs usually destroy me
(15:46 / All) I_Backstab: EPIC BATTLE
(16:43 / All) I_Backstab: HAH
(16:56 / All) I_Backstab: ONE LAST BLAZE OF OF GLORY
(17:05 / All) I_Backstab: k gg
(17:05 / All) quin)sour_blue: lol
(17:11 / All) quin)sour_blue: you held on for a long time
(17:15 / All) quin)sour_blue: seriously
(17:17 / All) I_Backstab: :D
(17:22 / All) quin)sour_blue: good game
(17:27 / All) I_Backstab: yea
(17:49 / All) I_Backstab: this was really the first time i tried this strat in 1v1
(17:51 / All) I_Backstab: that wasn't a comp
(18:12 / All) I_Backstab: i think it was worth the risk lol
(18:19 / All) quin)sour_blue: yeah
(18:28 / All) quin)sour_blue: gargs are the way to go against me
(18:37 / All) I_Backstab: ic.
(18:48 / All) I_Backstab: well gg.